 Dungeon Crawl Stone Soup version 0.24.0-10-g970556be89 (console) character file.

Game seed: 6801292008583575228, levelgen mode: deterministic

4239 AlterAsc the Thaumaturge (level 10, 0/51 HPs)
             Began as a Deep Elf Ice Elementalist on Nov 3, 2019.
             Was an Elder of Kikubaaqudgha.
             Shot with an arrow by a centaur (6 damage)
             ... on level 12 of the Dungeon.
             The game lasted 00:48:51 (12705 turns).

AlterAsc the Thaumaturge (DEIE)                    Turns: 12705, Time: 00:48:51

Health: 0/51       AC:  8    Str:  5    XL:     10   Next: 9%
Magic:  3/25       EV: 14    Int: 24    God:    Kikubaaqudgha [****..]
Gold:   701        SH:  0    Dex: 15    Spells: 14/28 levels left

rFire    + . .     SeeInvis .   q - staff of conjuration
rCold    . . .     Gourm    .   (no shield)
rNeg     . . .     Faith    +   z - +2 robe {rF+}
rPois    .         Spirit   .   (no helmet)
rElec    .         Reflect  .   E - +2 cloak {MR+}
rCorr    .         Harm     .   x - +0 pair of gloves
MR       ++...                  (no boots)
Stlth    ++........             A - amulet of faith
HPRegen  0.17/turn              (no ring)
MPRegen  0.19/turn              (no ring)

@: no status effects
A: no striking features
a: Receive Corpses, Renounce Religion


You were on level 12 of the Dungeon.
You worshipped Kikubaaqudgha.
Kikubaaqudgha was greatly pleased with you.
You were not hungry.

You visited 2 branches of the dungeon, and saw 12 of its levels.
You also visited: Ossuary.

You collected 701 gold pieces.

Inventory:

Hand Weapons
 t - a +1 flail of holy wrath
 u - a +2 dagger of venom
 v - a +2 dagger of venom
 D - a +1 war axe of flaming
Missiles
 K - 9 sling bullets
Armour
 a - a +0 robe
 r - a +0 shield
 x - a +0 pair of gloves (worn)
 z - a +2 robe of fire resistance (worn)
 E - a +2 cloak of magic resistance (worn)
 J - a +2 scale mail of poison resistance
Magical Staves
 q - an uncursed staff of conjuration (weapon)
Jewellery
 A - an amulet of faith (around neck)
Wands
 y - a wand of flame (26)
 H - a wand of iceblast (7)
 N - a wand of enslavement (8)
 O - a wand of paralysis (9)
Scrolls
 d - a scroll of magic mapping {unknown}
 e - 3 scrolls of fog
 f - a scroll of enchant armour
 g - 2 scrolls of amnesia
 h - 3 scrolls of teleportation {unknown}
 i - 5 scrolls of remove curse
 j - 2 scrolls of noise {unknown}
 o - 2 scrolls of random uselessness {unknown}
 w - a scroll of torment {unknown}
 B - a scroll of summoning {unknown}
 F - a scroll of holy word {unknown}
 M - 3 scrolls of identify
Potions
 b - 2 potions of mutation {unknown}
 k - 2 potions of cancellation {unknown}
 l - 2 potions of might {unknown}
 m - a potion of invisibility {unknown}
 n - 3 potions of lignification {unknown}
 p - 2 potions of degeneration {unknown}
 s - 3 potions of heal wounds
 C - 2 potions of brilliance {unknown}
 G - a potion of haste {unknown}
 L - a potion of agility {unknown}
Comestibles
 c - 12 rations


   Skills:
 + Level 0.7 Fighting
 + Level 3.4 Dodging
 - Level 2.5 Stealth
 + Level 9.7 Spellcasting
 - Level 4.6 Conjurations
 + Level 5.2 Summonings
 * Level 9.0 Necromancy
 - Level 9.0 Ice Magic


You had 14 spell levels left.
You knew the following spells:

 Your Spells              Type           Power        Failure   Level  Hunger
a - Freeze                Ice            ####         1%          1    None
b - Throw Icicle          Conj/Ice       ######..     3%          4    #......
c - Summon Ice Beast      Ice/Summ       #####...     3%          4    #......
d - Animate Skeleton      Necr           N/A          1%          1    None
e - Animate Dead          Necr           N/A          1%          4    #......

Your spell library contained the following spells:

 Spells                   Type           Power        Failure   Level  Hunger
 Pain                     Necr           ####         1%          1    None
 Sublimation of Blood     Necr           ######....   1%          2    None
 Throw Frost              Conj/Ice       ######       1%          2    None
 Vampiric Draining        Necr           ######....   1%          3    None
 Ozocubu's Armour         Chrm/Ice       ####....     2%          3    None
 Regeneration             Chrm/Necr      ####......   2%          3    None
 Throw Flame              Conj/Fire      ####..       3%          2    None
 Agony                    Necr           ######..     3%          5    ####...
 Dispel Undead            Necr           ######..     3%          5    ####...
 Confusing Touch          Hex            ##....       5%          1    None
 Confuse                  Hex            ##......     16%         3    None
 Gell's Gravitas          Tloc           ##........   16%         3    None
 Inner Flame              Hex/Fire       ##......     16%         3    None
 Sticky Flame             Conj/Fire      ####....     21%         4    #......
 Death Channel            Necr           ######....   21%         6    ######.
 Borgnjor's Vile Clutch   Necr/Erth      ####......   24%         5    ####...
 Metabolic Englaciation   Hex/Ice        ####......   24%         5    ####...
 Petrify                  Tmut/Erth      ##......     47%         4    #......
 Bolt of Magma            Conj/Fire/Erth ####......   63%         5    ####...
 Yara's Violent Unravell  Hex/Tmut       ##........   83%         5    ####...


Dungeon Overview and Level Annotations

Branches:
Dungeon (10/15)            Temple (1/1) D:4         Ossuary (visited)
   Lair: D:8-11         Orc: D:9-12

Altars:
Ashenzari
Cheibriados
Dithmenos
Elyvilon
Fedhas
Gozag
Hepliaklqana
Kikubaaqudgha
Makhleb
Nemelex Xobeh
Okawaru
Qazlal
Ru
Sif Muna
Trog
Uskayaw
Vehumet
Wu Jian
Xom
Yredelemnul
Zin
The Shining One
Beogh

Shops:
D:4 [=

Annotations:
D:4 3 runed translucent doors, flt's ghost, amateur DsAs; rumpelstilzz's ghost, amateur CeFi; toxicsyntax's ghost, amateur MfSk
D:10 exclusion: door, Nergalle


Message History

The arrow hits you!
* * * LOW HITPOINT WARNING * * *
What are your orders? t - Shout!
Orders for allies: a - Attack new target. r - Retreat! s - Stop attacking. g - Guard the area. f - Follow me.
Anything else - Cancel.
Gang up on whom?
Press: ? - help, Dir - move target cursor, f - centaur
Aim: a centaur, wielding a +0 shortbow Attack!
The centaur unwields a +0 shortbow.
The centaur barely misses your ice beast.
Your ice beast hits the centaur.
Your ice beast freezes the centaur!
The centaur hits your ice beast.
Your ice beast disappears in a puff of smoke!
The centaur wields a +0 shortbow.
The centaur shoots an arrow.
The arrow barely misses your ice beast. The arrow hits you.
You die...
Kikubaaqudgha rasps: "You have failed me!
Welcome... death!"

#.....c.
#......
#.....
####....
#..#.cc
#..##c#
#(.##(#
#.(##(#
#@(##.#
#YY##(#
#.§c).#
#()#########
#...........
#.##########
#.# #.# #.#


You could see a centaur and 2 friendly ice beasts.

Vanquished Creatures
  An ugly thing (D:6)
  A phantom (D:6)
  A sky beast (D:4)
  2 ogres
  A howler monkey (D:3)
  2 crimson imps (D:5)
  An orc wizard (D:4)
  3 worker ants
  A hound skeleton (D:4)
  15 adders
  3 oozes
  3 worms
  A dart slug (D:1)
  3 leopard geckos
  12 orcs
  2 ball pythons (D:4)
  A giant cockroach (D:2)
  9 hobgoblins
  15 jackals
  13 kobolds
  2 quokkas
  6 bats
  4 frilled lizards (D:1)
  4 goblins
  A leopard gecko skeleton (D:4)
  10 rats
117 creatures vanquished.

Vanquished Creatures (collateral kills)
  A hydra (D:7)
  A two-headed ogre (D:9)
  Joseph (D:9)
  Prince Ribbit (D:6)
  A hippogriff (D:6)
  4 yaks
  A wyvern (D:10)
  Menkaure (D:5)
  Edmund (D:5)
  3 ice beasts
  A black bear (D:9)
  3 orc warriors
  3 ogres
  8 centaurs
  9 bullfrogs
  A water moccasin skeleton (D:7)
  A scorpion (D:9)
  5 killer bees (D:9)
  2 howler monkeys (D:7)
  2 crimson imps
  3 centaur zombies
  A bullfrog zombie (D:5)
  2 hounds
  3 jellies
  A centaur skeleton (D:9)
  2 orc priests
  A gnoll shaman (D:7)
  5 orc wizards
  A bullfrog skeleton (D:9)
  An iguana (D:9)
  4 worker ants
  A big kobold zombie (Ossuary)
  A hound zombie (D:5)
  A hound skeleton (D:7)
  8 gnolls (D:7)
  An adder (D:7)
  An adder zombie (Ossuary)
  4 adder skeletons
  3 leopard geckos
  42 orcs
  3 giant cockroaches
  3 quokkas
  A frilled lizard (D:5)
  5 hobgoblin zombies (Ossuary)
  4 jackal zombies
  11 kobold zombies (Ossuary)
  A leopard gecko skeleton (D:9)
  6 orc zombies (Ossuary)
  2 quokka skeletons
  A quokka zombie (D:7)
173 creatures vanquished.

Grand Total: 290 creatures vanquished

Notes
Turn   | Place    | Note
-------+----------+-------------------------------------------
     0 | D:1      | AlterAsc the Deep Elf Ice Elementalist began the quest for
                  | the Orb.
     0 | D:1      | Reached XP level 1. HP: 10/10 MP: 6/6
   351 | D:1      | Reached XP level 2. HP: 12/15 MP: 1/8
   902 | D:1      | Reached XP level 3. HP: 19/19 MP: 2/10
  1673 | D:2      | Found an opulent altar of Gozag.
  1858 | D:2      | Reached XP level 4. HP: 21/24 MP: 8/12
  2112 | D:3      | Reached skill level 5 in Spellcasting
  2132 | D:3      | Reached XP level 5. HP: 24/28 MP: 8/14
  2147 | D:3      | Learned a level 4 spell: Throw Icicle
  2217 | D:3      | Reached skill level 5 in Ice Magic
  3203 | D:4      | Found Bodaf's Antique Armour Boutique.
  3462 | D:4      | Reached XP level 6. HP: 26/32 MP: 3/17
  4020 | D:4      | Found Keibbi's Jewellery Shoppe.
  4148 | D:4      | Found a staircase to the Ecumenical Temple.
  4165 | Temple   | Entered the Ecumenical Temple
  4219 | Temple   | Became a worshipper of Kikubaaqudgha
  4230 | D:4      | Noticed a sky beast
  4236 | D:4      | Killed a sky beast
  4236 | D:4      | Reached XP level 7. HP: 14/36 MP: 13/19
  4757 | D:4      | Found a runed translucent gate.
  4757 | D:4      | Found a runed translucent gate.
  4757 | D:4      | Found a runed translucent gate.
  4761 | D:4      | Noticed flt's ghost (amateur DsAs)
  4761 | D:4      | Noticed toxicsyntax's ghost (amateur MfSk)
  4761 | D:4      | Noticed rumpelstilzz's ghost (amateur CeFi)
  4785 | D:5      | Entered Level 5 of the Dungeon
  4797 | D:5      | Noticed Menkaure
  5142 | D:5      | Found a sand-covered staircase.
  5149 | Ossuary  | Entered an ossuary
  5155 | Ossuary  | Learned a level 4 spell: Summon Ice Beast
  5505 | Ossuary  | Reached * piety under Kikubaaqudgha
  5505 | Ossuary  | Identified Kikubaaqudgha's Disquisition on Stolen Souls
                  | (Kikubaaqudgha gifted it to you in an ossuary)
  5505 | Ossuary  | Received a gift from Kikubaaqudgha
  5811 | D:5      | Reached skill level 1 in Summonings
  5843 | D:5      | Found a shattered altar of Ashenzari.
  5874 | D:5      | Reached skill level 1 in Necromancy
  6061 | D:5      | Killed Menkaure
  6180 | D:5      | Learned a level 1 spell: Animate Skeleton
  6451 | D:5      | Noticed Edmund
  6462 | D:5      | Killed Edmund
  6857 | D:6      | Noticed Prince Ribbit
  6907 | D:6      | Noticed a hippogriff
  6914 | D:6      | Killed a hippogriff
  7011 | D:6      | Reached XP level 8. HP: 39/41 MP: 15/20
  7211 | D:6      | Reached ** piety under Kikubaaqudgha
  7586 | D:6      | Killed Prince Ribbit
  7753 | D:6      | Found a basalt altar of Yredelemnul.
  8671 | D:7      | Reached skill level 5 in Necromancy
  8715 | D:7      | Reached *** piety under Kikubaaqudgha
  8715 | D:7      | Identified Kikubaaqudgha's Compendium of Dark Rituals
                  | (Kikubaaqudgha gifted it to you on level 7 of the Dungeon)
  8715 | D:7      | Received a gift from Kikubaaqudgha
  8722 | D:7      | Learned a level 4 spell: Animate Dead
  8728 | D:7      | Noticed a cyan ugly thing
  8735 | D:7      | Noticed a six-headed hydra
  8771 | D:6      | Killed a cyan ugly thing
  8771 | D:6      | Reached XP level 9. HP: 23/45 MP: 0/23
  9136 | D:7      | Killed a six-headed hydra
  9306 | D:7      | Identified the Disquisition on Torrid Dark Arts
  9480 | D:7      | Found an ornate altar of the Wu Jian Council.
  9542 | D:7      | Found a glowing golden altar of the Shining One.
  9542 | D:7      | Found a bloodstained altar of Trog.
  9543 | D:7      | Found a burning altar of Makhleb.
  9922 | D:8      | Found a shimmering altar of Xom.
  9928 | D:8      | Found a shimmering altar of Xom.
  9928 | D:8      | Found a shimmering altar of Xom.
 10414 | D:9      | Noticed a two-headed ogre
 10627 | D:9      | Killed a two-headed ogre
 10688 | D:9      | Found a radiant altar of Vehumet.
 10689 | D:9      | Found a sacrificial altar of Ru.
 10701 | D:9      | Found a glowing silver altar of Zin.
 11069 | D:9      | Reached **** piety under Kikubaaqudgha
 11072 | D:9      | Noticed Joseph
 11094 | D:9      | Killed Joseph
 11494 | D:9      | Reached skill level 5 in Summonings
 11645 | D:10     | Entered Level 10 of the Dungeon
 12013 | D:10     | Noticed Nergalle
 12100 | D:10     | Reached XP level 10. HP: 50/50 MP: 15/25
 12382 | D:10     | Found a roughly hewn altar of Beogh.
 12638 | D:10     | You fall into a shaft and drop 2 floors!
 12705 | D:12     | Shot with an arrow by a centaur

Levels and vault maps discovered:
D:1:      nicolae_arrival_somewhat_less_tricky_arrival, layout_basic,
          minmay_heptomino_d4
D:2:      layout_basic, grunt_gozag_breadcrumbs
D:3:      layout_basic
D:4:      layout_basic, minmay_temple_entry_arrows, first_ration, serial_shops,
          nicolae_shop_trees, nicolae_shop_trees, gammafunk_ghost_cemetery,
          roderic_roman_lattice
D:5:      layout_layer_cave, lemuel_crystal_altar, nicolae_ossuary_entry_plus,
          uniq_menkaure, uniq_edmund
D:6:      layout_basic, lemuel_round_altar, serial_glass, glass_columns_a,
          glass_columns_a, uniq_prince_ribbit1
D:7:      minmay_the_grid_triangle_9x9_recursive_2
          [minmay_the_grid_triangle_9x9_prize_top_heavy,
          minmay_the_grid_triangle_9x9_pentomino_pain,
          minmay_the_grid_triangle_9x9_corruption,
          minmay_the_grid_triangle_9x9_from_above], layout_loops_ring,
          gammafunk_temple_overflow_forgotten, lemuel_round_altar
D:8:      layout_basic, xom_redecorated
D:9:      layout_roguey, grunt_temple_overflow_open, uniq_joseph
D:10:     layout_roguey, special_room [special_room_orc], uniq_nergalle
D:12:     layout_basic, zombieorc1_lemuel
Temple:   cyrus_circular_temple

Skill      XL: |  1  2  3  4  5  6  7  8  9 10 |
---------------+-------------------------------+-----
Dodging        | 3 |  3.4
Spellcasting   | 4 5 6 7 8 9 |  9.7
Ice Magic      | 4 5 6 8 9 |  9.0
Conjurations   | 3 4 |  4.6
Summonings     | 3 4 5 |  5.2
Necromancy     | 3 5 8 9 |  9.0
Fighting       | |  0.7
Stealth        | |  2.5

Action                   |  1- 3 |  4- 6 |  7- 9 | 10-12 || total
-------------------------+-------+-------+-------+-------++-------
Melee: Unarmed           |     3 |     5 |     2 |       ||    10
       Flail             |       |       |     8 |       ||     8
       Staff             |       |       |     2 |       ||     2
 Cast: Freeze            |    63 |   110 |    33 |       ||   206
       Throw Icicle      |       |     8 |     3 |       ||    11
       Summon Ice Beast  |       |       |   122 |    16 ||   138
       Animate Skeleton  |       |       |    14 |       ||    14
       Animate Dead      |       |       |     6 |     3 ||     9
  Use: Scroll            |       |       |     7 |       ||     7
       Potion            |       |       |     2 |       ||     2
  Eat: Chunk             |     3 |     8 |    17 |     1 ||    29
       Ration            |       |       |     5 |     1 ||     6
Armor: Robe              |     5 |    15 |    24 |     1 ||    45
Dodge: Dodged            |    29 |    58 |   142 |     4 ||   233
